AoeStats
← KRATOS | GOD OF WAR

Arena

510616733Analyzed
4v4 RM · 1d ago on Oct 1, 2026· 32m 13s· 8 players
Game mode
Random Map
Map size
Large (8 player)
Population
200
Speed
Normal
Resources
Standard
Victory
Conquest
Starting age
Dark Age
Ending age
Imperial Age
RankedLock teamsTeams togetherTeam positionsShared explorationLock speedFull tech treeHidden civsTurbo modeCheats
Victory
Defeat
🇧🇪 Jurchens · Belgium
1208
+16
🇧🇷 Mongols · Brazil
1199
+17
🇲🇽 Italians · Mexico
1193
+17
🇫🇷 Danes · France
1193
+17
🇵🇱 Burmese · Poland
1293
-20
🇵🇹 Tupi · Portugal
1288
-20
🇪🇸 Danes · Spain
1142
-14
🇵🇹 Franks · Portugal
1134
-13
zaackvader10
12:25 Feudal Age
16:04 Castle Age
13:54 Double-Bit Axe
15:20 Horse Collar
21:44 Imperial Age
23:29 Chemistry
24:01 Loom
31:45 Padded Archer Armor
32:55 Conscription
33:20 Wheelbarrow
32:32 Town Watch
LeGrosPiaff
11:16 Feudal Age
15:46 Castle Age
14:16 Stone Mining
14:31 Loom
23:34 Horse Collar
27:29 Forging
27:20 Scale Mail Armor
29:18 Iron Casting
28:50 Double-Bit Axe
30:31 Chain Mail Armor
31:01 Hamask
brydvo
11:11 Feudal Age
12:17 Double-Bit Axe
14:56 Castle Age
13:04 Horse Collar
18:10 Bow Saw
18:18 Heavy Plow
25:02 Bloodlines
24:52 Husbandry
27:56 Loom
28:44 Forging
28:41 Scale Barding Armor
WoodElf2501
9:54 Feudal Age
14:28 Castle Age
12:14 Loom
13:09 Stone Mining
13:52 Double-Bit Axe
14:59 Fletching
19:43 Padded Archer Armor
25:04 Bodkin Arrow
27:01 Leather Archer Armor
Barral
KRATOS | GOD OF WAR
3:04 Loom
10:20 Feudal Age
15:24 Castle Age
13:16 Double-Bit Axe
13:54 Gold Mining
18:23 Bow Saw
19:53 Wheelbarrow
20:30 Gold Shaft Mining
23:48 Husbandry
24:55 Scale Barding Armor
27:03 Scale Mail Armor
27:17 Stone Mining
27:57 Chain Barding Armor
28:25 Forging
GoodFunHaveLuck
10:46 Feudal Age
14:51 Castle Age
13:17 Fletching
14:26 Loom
16:59 Bodkin Arrow
23:59 Imperial Age
BARAKA wins!
11:51 Feudal Age
13:05 Double-Bit Axe
13:30 Loom
16:04 Castle Age
14:54 Double-Bit Axe
15:46 Gold Mining
17:19 Bow Saw
16:50 Horse Collar
17:09 Fletching
18:11 Bodkin Arrow
21:16 Padded Archer Armor
22:16 Leather Archer Armor
27:31 Gold Shaft Mining
Connection lost

Rejoining the realm…

Still unreachable

The connection could not be restored.

Session expired

The server has moved on; the page needs a fresh start.